[Event "ICC tourney 2332 (75 10)"]
[Site "Internet Chess Club"]
[Date "2021.01.23"]
[Round "1"]
[White "clair"]
[Black "arjunchesszero"]
[Result "1-0"]
[ICCResult "Black resigns"]
[WhiteElo "1681"]
[BlackElo "1148"]
[Opening "Queen's pawn: London system"]
[ECO "A45"]
[NIC "QP.07"]
[Time "13:03:02"]
[PlyCount "27"]
[TimeControl "4500+10"]

1. d4 Nf6 2. Bf4 g6 3. Nc3 Bg7 4. e4 d6 5. Qd2 O-O 6. O-O-O Nc6 7. Bh6 a6
8. Bxg7 Kxg7 9. h4 b5 10. f3 b4 11. Nce2 a5 12. h5 Nxh5 13. g4 Nf6 14. Qh6+
{ Black resigns } 1-0

[Event "ICC tourney 2332 (75 10)"]
[Site "Internet Chess Club"]
[Date "2021.01.23"]
[Round "1"]
[White "runtilmorrow1"]
[Black "Nacaroa-Dan"]
[Result "1-0"]
[ICCResult "Black resigns"]
[WhiteElo "1968"]
[BlackElo "1677"]
[Opening "Scandinavian defense"]
[ECO "B01"]
[NIC "SD.03"]
[Time "13:02:49"]
[PlyCount "45"]
[TimeControl "4500+10"]

1. e4 d5 2. exd5 Nf6 3. Nf3 Nxd5 4. d4 Bf5 5. Be2 e6 6. O-O Be7 7. c3 O-O
8. Nbd2 c6 9. Re1 Nd7 10. Nf1 b5 11. Ne3 Nxe3 12. Bxe3 Nb6 13. Ne5 Qc7 14.
Bf3 Nd5 15. Qd2 Bd6 16. b3 Bxe5 17. dxe5 Qxe5 18. Bc5 Qf6 19. Bxf8 Rxf8 20.
Bxd5 cxd5 21. Qd4 Qe7 22. Qxd5 Rd8 23. Qxf5 { Black resigns } 1-0

[Event "ICC tourney 2332 (75 10)"]
[Site "Internet Chess Club"]
[Date "2021.01.23"]
[Round "1"]
[White "TheChessShark"]
[Black "tricksterssbu"]
[Result "1-0"]
[ICCResult "Black resigns"]
[WhiteElo "1888"]
[BlackElo "1631"]
[Opening "Queen's pawn: stonewall attack"]
[ECO "D00"]
[NIC "QP.08"]
[Time "13:02:54"]
[PlyCount "35"]
[TimeControl "4500+10"]

1. d4 d5 2. e3 Nf6 3. Bd3 e6 4. Nd2 Nbd7 5. f4 c5 6. c3 Be7 7. Ngf3 O-O 8.
Ne5 Ne8 9. O-O Nxe5 10. fxe5 f5 11. exf6 Nxf6 12. g4 e5 13. g5 Ng4 14. h3
Nxe3 15. Rxf8+ Qxf8 16. Bxh7+ Kxh7 17. Qh5+ Kg8 18. g6 { Black resigns }
1-0

[Event "ICC tourney 2332 (75 10)"]
[Site "Internet Chess Club"]
[Date "2021.01.23"]
[Round "1"]
[White "AJ2000"]
[Black "MChessy"]
[Result "1-0"]
[ICCResult "Black resigns"]
[WhiteElo "1646"]
[BlackElo "1900"]
[Opening "Caro-Kann: two knights variation"]
[ECO "B11"]
[NIC "CK.01"]
[Time "13:02:48"]
[PlyCount "69"]
[TimeControl "4500+10"]

1. e4 c6 2. Nc3 d5 3. Nf3 Nd7 4. exd5 cxd5 5. Nxd5 Ngf6 6. Nxf6+ Nxf6 7.
Bb5+ Bd7 8. Bxd7+ Qxd7 9. d4 e6 10. O-O Bd6 11. c3 O-O 12. Be3 Nd5 13. c4
Ne7 14. Qd3 Rad8 15. Rfd1 Qc7 16. Qb3 Nf5 17. Rac1 b6 18. h3 Nxe3 19. fxe3
Qe7 20. e4 Bf4 21. Rc2 Qf6 22. e5 Qh6 23. Qd3 f6 24. exf6 Rxf6 25. Re2 Rg6
26. Kh1 Rg3 27. Qe4 Rf8 28. Qxe6+ Qxe6 29. Rxe6 Rc8 30. b3 Rf8 31. d5 Rg6
32. Rxg6 hxg6 33. Re1 Kf7 34. Nd4 Bg3 35. Rf1+ { Black resigns } 1-0

[Event "ICC tourney 2332 (75 10)"]
[Site "Internet Chess Club"]
[Date "2021.01.23"]
[Round "1"]
[White "kwen2008"]
[Black "sillytiger"]
[Result "1-0"]
[ICCResult "Black resigns"]
[WhiteElo "1730"]
[BlackElo "1432"]
[Opening "Dutch with c4 & Nc3"]
[ECO "A87"]
[NIC "HD.05"]
[Time "13:02:56"]
[PlyCount "61"]
[TimeControl "4500+10"]

1. d4 f5 2. c4 Nf6 3. Nc3 g6 4. Nf3 Bg7 5. g3 O-O 6. Bg2 d6 7. O-O Qe8 8.
e3 e5 9. dxe5 dxe5 10. b3 Nbd7 11. Ba3 e4 12. Ng5 c5 13. Qd6 b6 14. Ne6 Ng4
15. Nxf8 Bxc3 16. Rac1 Be5 17. Qd5+ Kxf8 18. Qxa8 Ke7 19. Qxa7 Bb8 20. Qa4
Bb7 21. b4 Nge5 22. bxc5 bxc5 23. Rb1 Bc6 24. Qb3 Nd3 25. Rfd1 Qc8 26. Bf1
N3e5 27. Be2 Qa6 28. Bxc5+ Nxc5 29. Qxb8 Qxa2 30. Qxe5+ Ne6 31. Bf1 { Black
resigns } 1-0

[Event "ICC tourney 2332 (75 10)"]
[Site "Internet Chess Club"]
[Date "2021.01.23"]
[Round "1"]
[White "Mitochondria"]
[Black "JDD01"]
[Result "0-1"]
[ICCResult "White resigns"]
[WhiteElo "1575"]
[BlackElo "1817"]
[Opening "King's Indian defense, 3.Nc3"]
[ECO "E61"]
[NIC "KI.80"]
[Time "13:02:44"]
[PlyCount "62"]
[TimeControl "4500+10"]

1. d4 Nf6 2. c4 g6 3. Nc3 Bg7 4. Nf3 O-O 5. e3 d6 6. Be2 Nbd7 7. O-O c5 8.
d5 Nb6 9. b3 Ne4 10. Nxe4 Bxa1 11. Qc2 Bf5 12. Bd3 Bg7 13. Bb2 a5 14. Bxg7
Kxg7 15. Ng3 Bxd3 16. Qxd3 a4 17. Qe4 axb3 18. axb3 Nd7 19. Qh4 Ra3 20. Rb1
Nf6 21. Qg5 Qd7 22. h4 h6 23. Qf4 Qg4 24. Qxg4 Nxg4 25. Ne2 Ra2 26. Kf1 Rb8
27. b4 Rba8 28. Nc3 Rxf2+ 29. Kg1 cxb4 30. Ne4 Rc2 31. Nfd2 Raa2 { White
resigns } 0-1

[Event "ICC tourney 2332 (75 10)"]
[Site "Internet Chess Club"]
[Date "2021.01.23"]
[Round "1"]
[White "michaelxiao"]
[Black "Averyyu321"]
[Result "0-1"]
[ICCResult "White resigns"]
[WhiteElo "1336"]
[BlackElo "1713"]
[Opening "Sicilian: Alapin's variation (2.c3)"]
[ECO "B22"]
[NIC "SI.46"]
[Time "13:02:47"]
[PlyCount "72"]
[TimeControl "4500+10"]

1. e4 c5 2. c3 d6 3. d4 cxd4 4. cxd4 Nf6 5. Nc3 g6 6. Nf3 Bg7 7. Bb5+ Nfd7
8. Bf4 O-O 9. O-O a6 10. Bc4 Nc6 11. Nd5 Nb6 12. Nxb6 Qxb6 13. Bb3 Bxd4 14.
Nxd4 Qxd4 15. Qe2 b5 16. Rac1 Bb7 17. Be3 Qxe4 18. f4 Nd4 19. Qd2 Nxb3 20.
axb3 Rac8 21. Bd4 Rxc1 22. Rxc1 Rc8 23. Re1 Rc2 24. Rxe4 Rxd2 25. Rxe7 Rxd4
26. Rxb7 Rxf4 27. Rb6 Rb4 28. Rxa6 Rxb3 29. Rxd6 Rxb2 30. Rb6 b4 31. Rb5 b3
32. h3 Rb1+ 33. Kf2 b2 34. Rb3 Kg7 35. Ke2 Rg1 36. Rxb2 Rxg2+ { White
resigns } 0-1

[Event "ICC tourney 2332 (75 10)"]
[Site "Internet Chess Club"]
[Date "2021.01.23"]
[Round "1"]
[White "Pugnacious"]
[Black "marinaxiao"]
[Result "0-1"]
[ICCResult "White checkmated"]
[WhiteElo "1760"]
[BlackElo "1496"]
[Opening "King's Indian: Torre attack"]
[ECO "A48"]
[NIC "QP.01"]
[Time "13:02:49"]
[PlyCount "80"]
[TimeControl "4500+10"]

1. d4 Nf6 2. Nf3 g6 3. Bg5 Bg7 4. Nbd2 d6 5. e4 h6 6. Be3 e5 7. Bc4 Bg4 8.
h3 Bxf3 9. Qxf3 Nc6 10. d5 Ne7 11. g4 Nh7 12. h4 Qd7 13. Nf1 a6 14. Ng3 Nf6
15. g5 hxg5 16. hxg5 Rxh1+ 17. Qxh1 Ng4 18. Qf3 Nxe3 19. Qxe3 O-O-O 20.
O-O-O f6 21. gxf6 Bxf6 22. Rh1 Qg4 23. Qa7 c6 24. dxc6 Nxc6 25. Qb6 Be7 26.
Bxa6 bxa6 27. Qxc6+ Kb8 28. Qb6+ Kc8 29. Qxa6+ Kb8 30. Qb6+ Kc8 31. Rd1
Bg5+ 32. Rd2 Bxd2+ 33. Kxd2 Qf4+ 34. Kc3 Rd7 35. Qa6+ Kd8 36. Qb6+ Rc7+ 37.
Kb4 Qd2+ 38. Kb3 Qxc2+ 39. Ka3 Ke7 40. b4 Rc3# { White checkmated } 0-1

[Event "ICC tourney 2332 (75 10)"]
[Site "Internet Chess Club"]
[Date "2021.01.23"]
[Round "1"]
[White "landonp"]
[Black "Ajcanalie"]
[Result "0-1"]
[ICCResult "White checkmated"]
[WhiteElo "1472"]
[BlackElo "1738"]
[Opening "Ruy Lopez: Marshall, main line, 14...Qh3"]
[ECO "C89"]
[NIC "RL.17"]
[Time "13:02:47"]
[PlyCount "72"]
[TimeControl "4500+10"]

1. e4 e5 2. Nf3 Nc6 3. Bb5 a6 4. Ba4 Nf6 5. O-O Be7 6. Re1 b5 7. Bb3 O-O 8.
c3 d5 9. exd5 Nxd5 10. Nxe5 Nxe5 11. Rxe5 c6 12. d4 Bd6 13. Re1 Qh4 14. g3
Qh3 15. Qf3 Bg4 16. Qg2 Qh5 17. Bxd5 cxd5 18. Be3 Rae8 19. Nd2 Re7 20. Bf4
Bxf4 21. Rxe7 Bh3 22. Qf3 Qg5 23. Qxf4 Qxe7 24. Qe3 Qd7 25. Re1 Be6 26. Nb3
Bh3 27. Nc5 Qc8 28. Qe5 Rd8 29. Nxa6 h6 30. Nc7 Qg4 31. Nxd5 Qf3 32. Nf4
Bc8 33. Qxb5 Bb7 34. Re8+ Rxe8 35. Qxe8+ Kh7 36. Qe2 Qh1# { White
checkmated } 0-1

[Event "ICC tourney 2332 (75 10)"]
[Site "Internet Chess Club"]
[Date "2021.01.23"]
[Round "1"]
[White "arconsul2"]
[Black "Theutltl"]
[Result "1-0"]
[ICCResult "Black checkmated"]
[WhiteElo "1736"]
[BlackElo "1468"]
[Opening "Queen's pawn: London system"]
[ECO "A45"]
[NIC "QP.07"]
[Time "13:02:51"]
[PlyCount "53"]
[TimeControl "4500+10"]

1. d4 Nf6 2. Bf4 d5 3. e3 e6 4. Bd3 c5 5. c3 Nc6 6. Nd2 a6 7. Ngf3 Be7 8.
h3 b6 9. Ne5 Bb7 10. Qe2 Nxe5 11. dxe5 Nd7 12. Nf3 h6 13. O-O O-O 14. Rad1
Qc7 15. Bb1 c4 16. Qc2 g6 17. Bxh6 Rfd8 18. Bf4 Nc5 19. Qe2 a5 20. Nd4 Kg7
21. Qg4 Bc8 22. Nb5 Qc6 23. Nd6 Bxd6 24. exd6 Nb7 25. Be5+ Kf8 26. Qh4 Ke8
27. Qe7# { Black checkmated } 1-0

[Event "ICC tourney 2332 (75 10)"]
[Site "Internet Chess Club"]
[Date "2021.01.23"]
[Round "1"]
[White "Ananya22609"]
[Black "pianoboy"]
[Result "0-1"]
[ICCResult "White checkmated"]
[WhiteElo "1625"]
[BlackElo "1849"]
[Opening "Caro-Kann: Tartakower (Nimzovich) variation"]
[ECO "B15"]
[NIC "CK.06"]
[Time "13:02:57"]
[PlyCount "134"]
[TimeControl "4500+10"]

1. e4 c6 2. d4 d5 3. Nc3 dxe4 4. Nxe4 Nf6 5. Nxf6+ exf6 6. Nf3 Bd6 7. Bd3
O-O 8. O-O Bg4 9. h3 Bh5 10. c3 Bc7 11. g3 Re8 12. Be2 Nd7 13. Re1 Nf8 14.
Nh4 Bxe2 15. Rxe2 Qd7 16. Kh2 Rxe2 17. Qxe2 Re8 18. Qd3 g6 19. Bd2 Re6 20.
Re1 Rxe1 21. Bxe1 Qe6 22. Bd2 Qxa2 23. Qc2 Qc4 24. Bh6 Ne6 25. Qe4 Qb5 26.
b4 Qh5 27. Be3 f5 28. Qf3 Qxh4 29. d5 cxd5 30. Qxd5 Qe4 31. Qd7 Qc6 32.
Qc8+ Bd8 33. Qa8 a6 34. Bg5 Qd7 35. Bf6 h6 36. h4 Kh7 37. Be5 f6 38. Bf4
Nxf4 39. gxf4 Kg7 40. Qa7 Qc7 41. Qe3 Kf7 42. Qd4 Be7 43. Qd5+ Kf8 44. Qd4
g5 45. hxg5 hxg5 46. Qd5 Qxf4+ 47. Kg1 Qg4+ 48. Kf1 Qh3+ 49. Kg1 Qxc3 50.
Qxb7 Qe1+ 51. Kh2 Bd6+ 52. Kg2 Qe4+ 53. Qxe4 fxe4 54. f3 exf3+ 55. Kxf3
Bxb4 56. Kg4 a5 57. Kf5 a4 58. Kxf6 a3 59. Kxg5 a2 60. Kf4 a1=Q 61. Kf3 Qe1
62. Kf4 Qe2 63. Kg5 Qf3 64. Kg6 Qf4 65. Kh5 Qg3 66. Kh6 Bd2+ 67. Kh7 Qg7# {
White checkmated } 0-1

[Event "ICC tourney 2332 (75 10)"]
[Site "Internet Chess Club"]
[Date "2021.01.23"]
[Round "1"]
[White "UltimateDL"]
[Black "Sricharan07"]
[Result "1-0"]
[ICCResult "Black resigns"]
[WhiteElo "1631"]
[BlackElo "1877"]
[Opening "French: advance, Euwe variation"]
[ECO "C02"]
[NIC "FR.03"]
[Time "13:03:09"]
[PlyCount "65"]
[TimeControl "4500+10"]

1. e4 e6 2. d4 d5 3. e5 c5 4. c3 Nc6 5. Nf3 Bd7 6. Be2 Qb6 7. O-O Rc8 8.
Be3 cxd4 9. cxd4 Nge7 10. Nc3 Nf5 11. Na4 Qc7 12. Rc1 Be7 13. a3 O-O 14. b4
Qb8 15. Nc5 Rfd8 16. Bd3 Nxe3 17. fxe3 b6 18. Nxd7 Rxd7 19. Ba6 Rcc7 20.
Bb5 Qc8 21. Qa4 Nxd4 22. exd4 Rxc1 23. Bxd7 Rxf1+ 24. Kxf1 Qc1+ 25. Kf2
Qb2+ 26. Kg3 g5 27. Bxe6 fxe6 28. Qe8+ Bf8 29. Qxe6+ Kh8 30. Qf7 Bxb4 31.
axb4 Qxb4 32. e6 Qd6+ 33. Kg4 { Black resigns } 1-0

[Event "ICC tourney 2332 (75 10)"]
[Site "Internet Chess Club"]
[Date "2021.01.23"]
[Round "1"]
[White "abi2009"]
[Black "smartgoldfish"]
[Result "1-0"]
[ICCResult "Black checkmated"]
[WhiteElo "1710"]
[BlackElo "1277"]
[Opening "Ruy Lopez: closed"]
[ECO "C90"]
[NIC "RL.19"]
[Time "13:02:44"]
[PlyCount "87"]
[TimeControl "4500+10"]

1. e4 e5 2. Nf3 Nc6 3. Bb5 a6 4. Ba4 Nf6 5. O-O Be7 6. Re1 b5 7. Bb3 d6 8.
h3 Na5 9. a4 Nxb3 10. cxb3 b4 11. d3 a5 12. Be3 c5 13. Nbd2 O-O 14. Nc4 Be6
15. Qc2 Re8 16. Rad1 Bf8 17. Ng5 Bd7 18. f4 Bc6 19. Nf3 Nd7 20. f5 Nf6 21.
Bg5 Be7 22. g4 h6 23. Be3 Nh7 24. Qd2 Bf6 25. Kh2 g5 26. h4 Kh8 27. hxg5
hxg5 28. Kg3 Kg7 29. Rh1 Be7 30. Rh5 f6 31. Rdh1 Rh8 32. Qh2 Qg8 33. Rh6
Be8 34. Nb6 Rb8 35. Nd5 Bd8 36. Nxg5 fxg5 37. f6+ Kf8 38. Rxh7 Rxh7 39.
Qxh7 Bg6 40. Qd7 Ra8 41. Qxd6+ Kf7 42. Qd7+ Kf8 43. Bxc5+ Be7 44. Qxe7# {
Black checkmated } 1-0

[Event "ICC tourney 2332 (75 10)"]
[Site "Internet Chess Club"]
[Date "2021.01.23"]
[Round "1"]
[White "TheGrandAmateur"]
[Black "dabpacman"]
[Result "1-0"]
[ICCResult "Black resigns"]
[WhiteElo "1752"]
[BlackElo "1479"]
[Opening "Benko's opening"]
[ECO "A00"]
[NIC "VO.09"]
[Time "13:02:53"]
[PlyCount "41"]
[TimeControl "4500+10"]

1. g3 Nf6 2. Bg2 g6 3. c4 Bg7 4. Nc3 O-O 5. e4 d6 6. Nge2 Nc6 7. O-O e5 8.
d3 Nd7 9. Be3 f5 10. exf5 gxf5 11. d4 f4 12. gxf4 exf4 13. Nxf4 Nxd4 14.
Ncd5 Ne5 15. Bxd4 c6 16. Kh1 Qh4 17. Qh5 Qd8 18. Be4 h6 19. Rg1 cxd5 20.
Rxg7+ Kxg7 21. Qg6+ { Black resigns } 1-0

[Event "ICC tourney 2332 (75 10)"]
[Site "Internet Chess Club"]
[Date "2021.01.23"]
[Round "1"]
[White "yanje03"]
[Black "karuto2006"]
[Result "0-1"]
[ICCResult "White resigns"]
[WhiteElo "1508"]
[BlackElo "1760"]
[Opening "Ruy Lopez: closed, Bogolyubov variation"]
[ECO "C91"]
[NIC "RL.20"]
[Time "13:02:44"]
[PlyCount "68"]
[TimeControl "4500+10"]

1. e4 e5 2. Nf3 Nc6 3. Bb5 a6 4. Ba4 Nf6 5. O-O Be7 6. Re1 b5 7. Bb3 d6 8.
c3 O-O 9. d4 Bg4 10. Be3 Qd7 11. Nbd2 Rae8 12. h3 Bh5 13. Bc2 Bg6 14. a4
exd4 15. cxd4 Nb4 16. Bb1 c5 17. Qb3 Rb8 18. a5 Nc6 19. d5 Ne5 20. Nxe5
dxe5 21. f4 c4 22. Qd1 exf4 23. Bxf4 Bc5+ 24. Kh1 Rbe8 25. Bc2 Bf2 26. Rf1
Bd4 27. Nxc4 bxc4 28. Qxd4 Nxe4 29. Ba4 Qc8 30. Bxe8 Rxe8 31. Rac1 c3 32.
bxc3 Nc5 33. Rce1 Be4 34. Bd6 Qxh3+ { White resigns } 0-1

[Event "ICC tourney 2332 (75 10)"]
[Site "Internet Chess Club"]
[Date "2021.01.23"]
[Round "1"]
[White "MariusC"]
[Black "TheDude865"]
[Result "1-0"]
[ICCResult "Black resigns"]
[WhiteElo "1763"]
[BlackElo "1531"]
[Opening "Giuoco Piano"]
[ECO "C50"]
[NIC "IG.02"]
[Time "13:04:58"]
[PlyCount "97"]
[TimeControl "4500+10"]

1. e4 e5 2. Nf3 Nc6 3. Bc4 Bc5 4. O-O Nf6 5. Nc3 d6 6. d3 h6 7. h3 Ne7 8.
d4 exd4 9. Nxd4 Ng6 10. Nf5 Bxf5 11. exf5 Ne5 12. Qe2 O-O 13. Bb3 Qd7 14.
Nd5 Nxd5 15. Bxd5 c6 16. Be4 d5 17. Bd3 Rfe8 18. Qh5 Nxd3 19. cxd3 Re5 20.
g4 g6 21. Qxh6 gxf5 22. Qg5+ Kh7 23. Bf4 Re6 24. Qxf5+ Kg7 25. Be5+ Kg8 26.
Bf6 Be7 27. Qg5+ Kf8 28. Qg7+ Ke8 29. Qg8+ Bf8 30. Rfe1 Qd6 31. d4 Kd7 32.
Qxf7+ Be7 33. Bxe7 Rxe7 34. Rxe7+ Qxe7 35. Qxe7+ Kxe7 36. Re1+ Kf6 37. Kg2
Rg8 38. f4 b6 39. Kg3 c5 40. g5+ Kf7 41. Re5 Rd8 42. dxc5 bxc5 43. Kf3 c4
44. f5 d4 45. Re2 a5 46. h4 a4 47. a3 c3 48. bxc3 dxc3 49. Rc2 { Black
resigns } 1-0

[Event "ICC tourney 2332 (75 10)"]
[Site "Internet Chess Club"]
[Date "2021.01.23"]
[Round "1"]
[White "wahoo"]
[Black "ctforce3"]
[Result "0-1"]
[ICCResult "White checkmated"]
[WhiteElo "1645"]
[BlackElo "1890"]
[Opening "Sicilian: Najdorf, Byrne (English) attack"]
[ECO "B90"]
[NIC "SI.14"]
[Time "13:02:50"]
[PlyCount "86"]
[TimeControl "4500+10"]

1. e4 c5 2. Nf3 d6 3. d4 cxd4 4. Nxd4 Nf6 5. Nc3 a6 6. Be3 e5 7. Nb3 Be6 8.
f3 Be7 9. Qd2 O-O 10. O-O-O Nbd7 11. g4 b5 12. g5 b4 13. Ne2 Ne8 14. h4 a5
15. Kb1 a4 16. Nbc1 b3 17. cxb3 a3 18. h5 axb2 19. Kxb2 Nc7 20. Nc3 Qb8 21.
Qg2 Nc5 22. Bxc5 dxc5 23. g6 c4 24. gxh7+ Kxh7 25. h6 g6 26. Qg3 Nb5 27.
Nd5 Ba3+ 28. Kb1 Bxd5 29. Rxd5 Nc3+ 30. Kc2 Nxd5 31. exd5 Bxc1 32. Kxc1
cxb3 33. Qg5 f6 34. Qg3 Rxa2 35. Bd3 b2+ 36. Kb1 Ra1+ 37. Kc2 b1=Q+ 38.
Rxb1 Qxb1+ 39. Kc3 Rc8+ 40. Bc4 Qc1+ 41. Kd3 Qxc4+ 42. Kd2 Ra2+ 43. Ke1
Qc1# { White checkmated } 0-1

[Event "ICC tourney 2332 (75 10)"]
[Site "Internet Chess Club"]
[Date "2021.01.23"]
[Round "1"]
[White "pari538"]
[Black "PearsonH"]
[Result "0-1"]
[ICCResult "White checkmated"]
[WhiteElo "1485"]
[BlackElo "1752"]
[Opening "French: Tarrasch, open variation"]
[ECO "C07"]
[NIC "FR.18"]
[Time "13:02:50"]
[PlyCount "128"]
[TimeControl "4500+10"]

1. e4 e6 2. d4 d5 3. Nd2 c5 4. c3 cxd4 5. cxd4 dxe4 6. Nxe4 Nf6 7. Nxf6+
Qxf6 8. Bb5+ Bd7 9. Bxd7+ Nxd7 10. Nf3 Bb4+ 11. Bd2 Bxd2+ 12. Qxd2 O-O 13.
O-O Nb6 14. Rac1 Nd5 15. Qg5 Qxg5 16. Nxg5 Rfd8 17. Ne4 b6 18. g3 Rd7 19.
Rc4 Rad8 20. Rfc1 Kf8 21. Ng5 h6 22. Nf3 Ne7 23. Rc7 Ng6 24. Kg2 Ke7 25.
Ne5 Nxe5 26. dxe5 Rxc7 27. Rxc7+ Rd7 28. Rxd7+ Kxd7 29. Kf3 Kc6 30. Ke4 Kc5
31. f4 Kc4 32. g4 b5 33. f5 a5 34. h4 g6 35. fxg6 fxg6 36. Kf4 Kd4 37. g5
h5 38. a3 a4 39. Kf3 Kxe5 40. Ke3 Kd5 41. Kd3 e5 42. Kc3 e4 43. Kb4 e3 44.
Kxb5 e2 45. Kxa4 e1=Q 46. b4 Qxh4 47. Ka5 Qxg5 48. a4 Kc4+ 49. b5 h4 50.
Ka6 Kb4 51. b6 Kxa4 52. Ka7 Qc5 53. Kb7 h3 54. Ka6 Qa5+ 55. Kb7 h2 56. Kc6
h1=Q+ 57. Kc7 Qc1+ 58. Kd7 Qcd2+ 59. Kc8 Qdc3+ 60. Kd8 Qxb6+ 61. Ke8 Qe5+
62. Kf8 Qbf6+ 63. Kg8 Qe8+ 64. Kh7 Qeh8# { White checkmated } 0-1

[Event "ICC tourney 2332 (75 10)"]
[Site "Internet Chess Club"]
[Date "2021.01.23"]
[Round "1"]
[White "kleong12"]
[Black "JudeNYC"]
[Result "1-0"]
[ICCResult "Black checkmated"]
[WhiteElo "1833"]
[BlackElo "1622"]
[Opening "Caro-Kann: two knights variation"]
[ECO "B10"]
[NIC "CK.01"]
[Time "13:02:46"]
[PlyCount "47"]
[TimeControl "4500+10"]

1. e4 c6 2. Nf3 d5 3. Nc3 dxe4 4. Nxe4 Nf6 5. Qe2 Nxe4 6. Qxe4 Nd7 7. Bc4
Nf6 8. Ne5 e6 9. Qe2 Bd6 10. d4 O-O 11. O-O Nd5 12. Bd3 Bxe5 13. dxe5 Ne7
14. Bg5 Qc7 15. Qh5 Ng6 16. f4 Qb6+ 17. Kh1 Qxb2 18. Rae1 Re8 19. Re3 Qd4
20. Rh3 h6 21. Bxh6 Kf8 22. Bg5 b6 23. Qh8+ Nxh8 24. Rxh8# { Black
checkmated } 1-0

[Event "ICC tourney 2332 (75 10)"]
[Site "Internet Chess Club"]
[Date "2021.01.23"]
[Round "1"]
[White "uzkuzk"]
[Black "hi987"]
[Result "0-1"]
[ICCResult "White resigns"]
[WhiteElo "1824"]
[BlackElo "1596"]
[Opening "Sicilian: dragon, Yugoslav attack, Rauser variation"]
[ECO "B76"]
[NIC "SI.17"]
[Time "13:02:50"]
[PlyCount "76"]
[TimeControl "4500+10"]

1. e4 c5 2. Nf3 d6 3. d4 cxd4 4. Nxd4 Nf6 5. Nc3 g6 6. f3 Bg7 7. Be3 O-O 8.
Qd2 Nc6 9. O-O-O d5 10. Qe1 e6 11. g4 Qa5 12. g5 Nh5 13. Kb1 dxe4 14. fxe4
Rd8 15. Nxc6 Rxd1+ 16. Qxd1 bxc6 17. Bc4 Rb8 18. Bb3 Ba6 19. Qd6 Be5 20.
Qd7 c5 21. Qxa7 c4 22. Bd4 cxb3 23. Bxe5 bxc2+ 24. Ka1 Qxe5 25. Qxa6 Qxg5
26. Qf1 Rd8 27. Qc1 Qxc1+ 28. Rxc1 Rd2 29. b4 Nf4 30. Nb1 Rxh2 31. Na3 Nd3
32. Rxc2 Rh1+ 33. Nb1 Nxb4 34. Rc8+ Kg7 35. Rb8 Nd3 36. a4 Nc5 37. a5 Re1
38. Rc8 Nb3+ { White resigns } 0-1

[Event "ICC tourney 2332 (75 10)"]
[Site "Internet Chess Club"]
[Date "2021.01.23"]
[Round "1"]
[White "chessp1234"]
[Black "AbleCompany"]
[Result "1-0"]
[ICCResult "Black resigns"]
[WhiteElo "1784"]
[BlackElo "1568"]
[Opening "French: Tarrasch, open, 4.ed ed"]
[ECO "C08"]
[NIC "FR.20"]
[Time "13:02:53"]
[PlyCount "77"]
[TimeControl "4500+10"]

1. e4 e6 2. d4 d5 3. Nd2 c5 4. exd5 exd5 5. Bb5+ Nc6 6. Qe2+ Qe7 7. dxc5
Qxe2+ 8. Nxe2 Bxc5 9. Nb3 Bd6 10. Bf4 Bxf4 11. Nxf4 Nf6 12. O-O-O a6 13.
Rhe1+ Kf8 14. Bf1 Ne7 15. c4 Bf5 16. Nd4 Bg6 17. b3 dxc4 18. Bxc4 Rc8 19.
a4 Nf5 20. Nxf5 Bxf5 21. Kb2 b5 22. axb5 axb5 23. Bxb5 Rc2+ 24. Ka3 g5 25.
Rd8+ Kg7 26. Rxh8 Kxh8 27. Ne2 Be6 28. f3 Kg7 29. Rc1 Rd2 30. Ra1 Nd5 31.
Ra2 Rd1 32. Bc4 Kf6 33. Bxd5 Bxd5 34. Nc3 Rd3 35. Nxd5+ Rxd5 36. Kb4 Ke5
37. Ra5 Rxa5 38. Kxa5 Kd6 39. Kb6 { Black resigns } 1-0

[Event "ICC tourney 2332 (75 10)"]
[Site "Internet Chess Club"]
[Date "2021.01.23"]
[Round "1"]
[White "kevinsun"]
[Black "poohfur"]
[Result "0-1"]
[ICCResult "White resigns"]
[WhiteElo "1213"]
[BlackElo "1705"]
[Opening "Scotch: Mieses variation"]
[ECO "C45"]
[NIC "SO.04"]
[Time "13:02:52"]
[PlyCount "76"]
[TimeControl "4500+10"]

1. e4 e5 2. Nf3 Nc6 3. d4 exd4 4. Nxd4 Nf6 5. Nxc6 bxc6 6. e5 Qe7 7. Qe2
Nd5 8. h4 a5 9. Bg5 Qc5 10. Na3 Qb4+ 11. c3 Nxc3 12. Qd2 Qe4+ 13. Qe3 Bb4
14. Qxe4 Nxe4+ 15. Ke2 O-O 16. Nc2 Ba6+ 17. Kf3 f6 18. Kxe4 fxg5 19. f3 d5+
20. Kd4 Rf4+ 21. Ke3 d4+ 22. Kf2 d3 23. Nxb4 Rxb4 24. b3 a4 25. hxg5 axb3
26. axb3 Rxb3 27. Rd1 Rb2+ 28. Ke3 Rd8 29. Rh4 c5 30. e6 c4 31. Re4 c5 32.
e7 Re8 33. Rd2 c3 34. Rd1 c2 35. Rc1 Rb1 36. Kd2 c4 37. Ree1 Rb3 38. Ra1
c3+ { White resigns } 0-1

[Event "ICC tourney 2332 (75 10)"]
[Site "Internet Chess Club"]
[Date "2021.01.23"]
[Round "1"]
[White "Davide25"]
[Black "chesslin"]
[Result "1/2-1/2"]
[ICCResult "Game drawn by mutual agreement"]
[WhiteElo "1539"]
[BlackElo "1765"]
[Opening "Robatsch (modern) defense"]
[ECO "A40"]
[NIC "KF.05"]
[Time "13:02:59"]
[PlyCount "40"]
[TimeControl "4500+10"]

1. d4 g6 2. e4 Bg7 3. Nf3 d6 4. h3 Nf6 5. Bd3 O-O 6. O-O Nc6 7. c3 e5 8.
dxe5 Nxe5 9. Nxe5 dxe5 10. Qe2 Nd7 11. Rd1 Qe7 12. a4 Rd8 13. b4 Nf8 14.
Be3 Ne6 15. Na3 Bd7 16. Bb5 c6 17. Bc4 Nf4 18. Qf3 g5 19. Bc5 Qe8 20. Rd2
Be6 { Game drawn by mutual agreement } 1/2-1/2

[Event "ICC tourney 2332 (75 10)"]
[Site "Internet Chess Club"]
[Date "2021.01.23"]
[Round "1"]
[White "VianYang"]
[Black "Ethan719"]
[Result "1-0"]
[ICCResult "Black resigns"]
[WhiteElo "1620"]
[BlackElo "1826"]
[Opening "Nimzo-Indian: classical variation"]
[ECO "E32"]
[NIC "NI.20"]
[Time "13:03:02"]
[PlyCount "59"]
[TimeControl "4500+10"]

1. d4 Nf6 2. c4 e6 3. Nc3 Bb4 4. Qc2 O-O 5. a3 Bxc3+ 6. Qxc3 d5 7. Bg5 dxc4
8. Qxc4 b6 9. Bxf6 Qxf6 10. e3 c5 11. dxc5 bxc5 12. Qe4 Qxb2 13. Rd1 Qc3+
14. Rd2 Rd8 15. Bd3 f5 16. Qxa8 Rxd3 17. Nf3 Qa1+ 18. Ke2 Rxd2+ 19. Nxd2
Ba6+ 20. Kf3 Qb2 21. Rb1 Qxd2 22. Rxb8+ Kf7 23. Rf8+ Kg6 24. Qe8+ Kh6 25.
Qxe6+ g6 26. Rxf5 Bc4 27. Qf6 Qd7 28. Qf8+ Qg7 29. Qxg7+ Kxg7 30. Rxc5 {
Black resigns } 1-0

[Event "ICC tourney 2332 (75 10)"]
[Site "Internet Chess Club"]
[Date "2021.01.23"]
[Round "1"]
[White "imranchamp"]
[Black "rokrchess"]
[Result "0-1"]
[ICCResult "White checkmated"]
[WhiteElo "1826"]
[BlackElo "1619"]
[Opening "Sicilian: Grand Prix attack"]
[ECO "B23"]
[NIC "SI.44"]
[Time "13:02:49"]
[PlyCount "100"]
[TimeControl "4500+10"]

1. e4 c5 2. Nc3 Nc6 3. f4 d6 4. Nf3 Nf6 5. Bc4 Bg4 6. h3 Bxf3 7. Qxf3 a6 8.
a4 Nb4 9. Bb3 c4 10. Na2 Qa5 11. Nxb4 Qxb4 12. Ba2 Qxa4 13. e5 Nd7 14. exd6
Qxc2 15. dxe7 Bxe7 16. Qxb7 Bh4+ 17. Ke2 Qd3+ 18. Kd1 O-O 19. Bb1 Qb3+ 20.
Qxb3 cxb3 21. Be4 Rae8 22. Bc6 Re7 23. Bxd7 Rxd7 24. Rxa6 Rc8 25. Ke2 Re8+
26. Kf3 f5 27. g4 Rd3+ 28. Kg2 Re2+ 29. Kg1 Re1+ 30. Kh2 Rxh3+ 31. Kxh3
Rxh1+ 32. Kg2 Rxc1 33. gxf5 Rc2 34. Ra8+ Kf7 35. Kh3 Be7 36. f6 Bxf6 37. f5
Rxb2 38. Ra7+ Be7 39. f6 gxf6 40. Rb7 Rb1 41. d4 b2 42. Kg2 Ke8 43. Rxe7+
Kxe7 44. d5 Rd1 45. d6+ Rxd6 46. Kf3 b1=Q 47. Ke3 Qd3+ 48. Kf2 Ra6 49. Ke1
Qc2 50. Kf1 Ra1# { White checkmated } 0-1